 Dungeon Crawl Stone Soup version 0.17.1-3-g152610e (webtiles) character file.

89742 inmateoo the Cleaver (level 15, -8/109 HPs)
             Began as a High Elf Fighter on Feb 21, 2016.
             Was a High Priest of Okawaru.
             Killed from afar by a Hell Sentinel (29 damage)
             ... with an iron shot
             ... summoned by a deep elf demonologist
             ... on level 1 of the Elven Halls.
             The game lasted 00:48:02 (28314 turns).

inmateoo the Cleaver (High Elf Fighter)            Turns: 28314, Time: 00:48:02

Health: -8/109     AC: 34    Str: 20    XL:     15   Next: 50%
Magic:  39/39      EV:  8    Int: 17    God:    Okawaru [*****.]
Gold:   884        SH: 15    Dex: 19    Spells: 0 memorised, 14 levels left

rFire  + . .     SeeInvis .     P - +6 broad axe (venom)
rCold  . . .     Clarity  +     W - +8 plate armour of the Equator {rElec MP+9}
rNeg   + + .     SustAt   .     S - +2 shield of Orthodoxy {*Contam rN++ MP+9}
rPois  +         Gourm    .     l - +2 helmet {Int+3}
rElec  +         Spirit   .     Q - +2 cloak {rPois}
rCorr  .         Warding  .     v - +1 pair of gloves of Okawaru {+Inv}
rMut   .         Stasis   .     Y - +0 pair of boots of Temperance {Dex+5}
MR     +++..                    n - amulet of clarity
Stlth  ..........               x - ring of protection from magic
                                m - ring of protection from fire

@: extremely resistant to hostile enchantments, extremely unstealthy
A: repulsion field 1, clumsy 1, magic resistance 1, mutation resistance 1, wild
magic 1, no device heal 1
a: Heroism, Finesse, Renounce Religion, Evoke Invisibility


You were on level 1 of the Elven Halls.
You worshipped Okawaru.
Okawaru was extremely pleased with you.
You were not hungry.

You visited 4 branches of the dungeon, and saw 25 of its levels.
You visited 1 bazaar.
You also visited: Labyrinth, Sewer, Ossuary, Ice Cave and Volcano.

You collected 3458 gold pieces.
You spent 2574 gold pieces at shops.

Inventory:

Hand Weapons
 f - the +9 whip of Feuhiyb {drain, rElec rPois rC+}
   (You found it on level 2 of the Lair of Beasts)

   A truly terrible weapon, it drains the life of those it strikes.
   It protects you from cold.
   It insulates you from electricity.
   It protects you from poison.
 O - a +4 eveningstar
 P - a +6 broad axe of venom (weapon)
Armour
 l - a +2 helmet of intelligence (worn)
 v - the +1 pair of gloves of Okawaru (worn) {+Inv}
   (Okawaru gifted it to you on level 7 of the Lair of Beasts)

   It lets you turn invisible.
 w - a +0 ice dragon armour
 Q - a +2 cloak of poison resistance (worn)
 S - the +2 shield of Orthodoxy (worn) {*Contam rN++ MP+9}
   (You acquired it on level 6 of the Lair of Beasts)

   It greatly protects you from negative energy.
   It affects your magic capacity (+9).
   It causes magical contamination when unequipped.
 W - the +8 plate armour of the Equator (worn) {rElec MP+9}
   (You took it off a minotaur in a labyrinth)

   It insulates you from electricity.
   It affects your magic capacity (+9).
 Y - the +0 pair of boots of Temperance (worn) {Dex+5}
   (Okawaru gifted it to you on level 8 of the Lair of Beasts)

   It affects your dexterity (+5).
Jewellery
 c - a cursed ring of teleportation
 d - an uncursed ring of see invisible
 j - an uncursed amulet of resist mutation
 m - a ring of protection from fire (left hand)
 n - an amulet of clarity (around neck)
 o - an uncursed ring of protection from cold
 r - an uncursed ring of positive energy
 x - a ring of protection from magic (right hand)
Wands
 h - a wand of digging (12)
 N - a wand of fire (12)
 T - a wand of heal wounds (2)
Scrolls
 g - 6 scrolls of recharging
 p - 6 scrolls of teleportation
 t - a scroll of summoning
 y - 8 scrolls of remove curse
 B - 5 scrolls of identify
 C - 3 scrolls of fear
 E - a scroll of fog
 J - 5 scrolls of enchant armour
 L - 4 scrolls of amnesia
Potions
 b - 7 potions of flight
 i - 2 potions of heal wounds
 q - 7 potions of curing
 s - 4 potions of haste
 z - 2 potions of invisibility
 A - a potion of brilliance
 F - a potion of might
 I - a potion of magic
 K - 3 potions of resistance
 R - 3 potions of beneficial mutation
 U - 3 potions of agility
 V - a potion of berserk rage
Comestibles
 e - 11 bread rations
 k - 17 fruits
 u - 6 meat rations


   Skills:
 + Level 12.5 Fighting
 * Level 14.9 Axes
 + Level 11.5 Armour
 + Level 10.9 Shields
 - Level 7.1 Invocations


You had 14 spell levels left.
You didn't know any spells.

Dungeon Overview and Level Annotations

Branches:
Dungeon (12/15)            Temple (0/1) D:6            Lair (8/8) D:8
 Shoals (0/4) Lair:6       Spider (0/4) Lair:4        Slime (0/6) Lair:6
    Orc (4/4) D:10            Elf (1/3) Orc:3

Altars:
Ashenzari
Cheibriados
Dithmenos
Elyvilon
Kikubaaqudgha
Makhleb
Okawaru
Qazlal
Ru
Sif Muna
Trog
Vehumet
Yredelemnul
Beogh
Jiyva

Shops:
D:5 !   D:9 [   Orc:4 *[:(   Elf:1 (

Annotations:
Lair:3 exclusion: oklob plant


Innate Abilities, Weirdness & Mutations

You are surrounded by a mild repulsion field (EV +2).
You are clumsy. (Dex -2)
You are resistant to hostile enchantments.
You are somewhat resistant to further mutation.
Your spells are a little harder to cast, but a little more powerful.
Potions and wands are less effective at restoring your health.


Message History

You feel much better.
The jumping spider pounces on you but does no damage.
You block the jumping spider's attack.
The deep elf summoner mumbles some strange words.
The green death hits you but does no damage.
The Hell Sentinel hits you!
* * * LOW HITPOINT WARNING * * *
You block the Hell Sentinel's attack.
The jumping spider pounces on you but does no damage.
You block the jumping spider's attack.
You block the deep elf demonologist's attack.
The hell rat twitches its whiskers.
A deep elf summoner comes into view. It is wielding a long sword.
Drink which item? (? for menu, Esc to quit)
You feel much better.
You kill the jumping spider!
The jumping spider's corpse disappears in a puff of smoke!
The Hell Sentinel gestures at you. The iron shot hits you!
You die... .... #.# ...##.# ###+ .## ...#.# #... e.e #...# #[... #es

#e.# ##..... # #s#
##..## ##......
#.s#re##....###
#.......
#.s121......#
#.......
.##e@......###.......
##e§>....'.'.......
#.......###.......
#........# ##......
...+....### ##∩....
.....##### #+....
......# ##... .....#
#### ..+.#


You could see a Hell Sentinel, a Brimstone Fiend, a green death, a demonic
crawler, a deep elf demonologist, 4 deep elf summoners, a deep elf conjurer, 2
jumping spiders, a redback, a deep elf mage and a hell rat.

Vanquished Creatures
  Rupert (Orc:2)
  A frost giant (IceCv)
  An orc warlord (Orc:4)
  6 dire elephants (Lair:8)
  Snorg (Orc:2)
  Erolcha (D:9)
  The ghost of F1L1N the Nimble, a journeyman TrBe of Trog (IceCv)
  A minotaur (Lab)
  6 hydras
  A catoblepas (Lair:3)
  An ice dragon (Lair:6)
  An anaconda (Lair:8)
  3 death yaks (Lair:8)
  4 orc high priests (Orc:4)
  Urug (Lair:1)
  2 deep elf knights (Elf:1)
  3 skeletal warriors
  A fire crab (Volcano)
  A deep elf summoner (Elf:1)
  3 orc knights (Orc:4)
  A deep elf conjurer (Elf:1)
  2 cyclopes (D:12)
  An unseen horror (D:11)
  3 manticores
  4 ugly things
  4 orc sorcerers
  A centaur zombie (D:12)
  3 griffons
  2 toenail golems (Volcano)
  18 elephants
  A torpor snail (Lair:6)
  An ice statue (IceCv)
  3 black mambas
  2 molten gargoyles (Volcano)
  7 komodo dragons
  2 gargoyles
  5 spiny frogs
  A jumping spider (Lair:4)
  2 fire drakes
  2 deep elf priests (Elf:1)
  19 polar bears
  4 trolls
  A boulder beetle (Lair:7)
  A two-headed ogre (D:10)
  19 blink frogs
  A spriggan (Lair:3)
  6 deep elf magi
  3 redbacks (Lair:4)
  4 deep elf fighters (Elf:1)
  53 yaks
  A wyvern (Lair:7)
  A shadow (D:9)
  8 hungry ghosts (Lab)
  13 wolves
  4 basilisks
  Grum (D:10)
  2 steam dragons
  10 hippogriffs
  4 wargs
  3 fire bats (Volcano)
  13 water moccasins
  Edmund (D:6)
  A hell hound (Volcano)
  3 porcupines (Lair:6)
  Duvessa (D:6)
  4 sky beasts
  Purgy (Sewer)
  31 orc warriors
  A wasp (D:10)
  2 eyes of draining
  8 ogres
  3 black bears
  5 phantoms
  A tengu (Bazaar)
  14 crocodiles
  An ice beast (D:12)
  A necrophage (D:7)
  3 centaurs
  Blork the orc (D:5)
  24 giant frogs
  2 big kobolds
  Dowan (D:6)
  3 scorpions
  3 electric eels
  6 crimson imps
  3 jellies
  A giant frog zombie (D:12)
  3 lava snakes (Volcano)
  5 hounds
  34 orc priests
  6 iguanas
  3 centaur skeletons
  4 giant frog skeletons
  5 worker ants
  45 orc wizards
  20 sheep
  A big kobold zombie (Ossuary)
  16 gnolls
  8 mummies (Ossuary)
  17 adders
  43 river rats
  2 shadow imps
  An ooze (D:3)
  2 adder skeletons
  4 worms
  8 giant geckos
  182 orcs
  2 ball pythons
  8 bats
  12 giant cockroaches
  3 gnoll zombies (Ossuary)
  4 hobgoblins
  14 jackals
  18 kobolds
  4 quokkas
  A giant gecko skeleton (D:4)
  4 giant newts
  8 goblins
  A hobgoblin zombie (Ossuary)
  A kobold zombie (Ossuary)
  2 orc zombies (Ossuary)
  A quokka zombie (D:8)
  7 rats
  9 fungi
  9 plants
918 creatures vanquished.

Vanquished Creatures (collateral kills)
  A water moccasin (Lair:1)
  A fungus (Lair:1)
2 creatures vanquished.

Vanquished Creatures (others)
  5 fungi
  2 plants
7 creatures vanquished.

Grand Total: 927 creatures vanquished

Notes
Turn   | Place    | Note
--------------------------------------------------------------
     0 | D:1      | inmateoo the High Elf Fighter began the quest for the Orb.
     0 | D:1      | Reached XP level 1. HP: 16/16 MP: 2/2
    74 | D:1      | You fall through a shaft!
    90 | D:2      | Reached XP level 2. HP: 7/21 MP: 3/3
   482 | D:1      | Reached XP level 3. HP: 24/26 MP: 4/4
  1044 | D:2      | Found a white marble altar of Elyvilon.
  1177 | D:2      | Reached XP level 4. HP: 31/31 MP: 5/5
  1754 | D:2      | Reached skill level 4 in Axes
  1900 | D:2      | Reached XP level 5. HP: 36/36 MP: 6/6
  1931 | D:3      | Found an ancient bone altar of Kikubaaqudgha.
  1984 | D:3      | Found a bloodstained altar of Trog.
  2171 | D:3      | Found a basalt altar of Yredelemnul.
  2236 | D:3      | Found a faded altar to an unknown god.
  2272 | D:3      | Became a worshipper of Warmaster Okawaru
  2272 | D:3      | Reached * piety under Okawaru
  2638 | D:4      | Reached skill level 5 in Axes
  2792 | D:4      | Reached XP level 6. HP: 36/42 MP: 7/7
  3011 | D:4      | Found a glowing drain.
  3015 | Sewer    | Entered a sewer
  3076 | Sewer    | Noticed Purgy
  3087 | Sewer    | Killed Purgy
  3087 | Sewer    | Reached skill level 6 in Axes
  3298 | D:4      | Found a deep blue altar of Sif Muna.
  3512 | D:4      | Gained mutation: Your spells are a little harder to cast, but a little more powerful. [potion of mutation]
  3512 | D:4      | Gained mutation: You are frail (-10% HP). [potion of mutation]
  3512 | D:4      | Gained mutation: You can spit weak poison. [potion of mutation]
  3698 | D:5      | Entered Level 5 of the Dungeon
  3757 | D:5      | Found an iron altar of Okawaru.
  3798 | D:5      | Reached ** piety under Okawaru
  3808 | D:5      | Found a shadowy altar of Dithmenos.
  3943 | D:5      | Reached XP level 7. HP: 39/41 MP: 8/8
  4305 | D:5      | Reached skill level 7 in Axes
  4334 | D:5      | Noticed a hippogriff
  4349 | D:5      | Killed a hippogriff
  4642 | D:5      | Noticed Blork the orc
  4656 | D:5      | Killed Blork the orc
  4790 | D:5      | Found an ancient bone altar of Kikubaaqudgha.
  4797 | D:5      | Found Paleaross's Distillery.
  4805 | D:5      | Bought a potion of curing for 30 gold pieces
  4805 | D:5      | Bought 2 potions of heal wounds for 100 gold pieces
  4935 | D:5      | Reached XP level 8. HP: 46/46 MP: 9/9
  4988 | D:6      | Reached *** piety under Okawaru
  5032 | D:6      | Found a radiant altar of Vehumet.
  5034 | D:6      | Noticed Dowan
  5036 | D:6      | Noticed Duvessa
  5048 | D:6      | Killed Duvessa
  5052 | D:6      | Killed Dowan
  5315 | D:6      | Got a jewelled chain mail
  5333 | D:6      | Identified the +1 chain mail of Qeung {rC+} (You found it on level 6 of the Dungeon)
  5407 | D:6      | Noticed Edmund
  5423 | D:6      | Killed Edmund
  5423 | D:6      | Reached skill level 8 in Axes
  5506 | D:6      | Found a stormy altar of Qazlal.
  5560 | D:6      | Found a burning altar of Makhleb.
  5560 | D:6      | Noticed a blizzard demon
  5599 | D:6      | Found a snail-covered altar of Cheibriados.
  5942 | D:6      | Found a staircase to the Ecumenical Temple.
  5987 | D:6      | Reached **** piety under Okawaru
  5987 | D:6      | Reached skill level 5 in Fighting
  6306 | D:7      | Reached XP level 9. HP: 38/54 MP: 10/10
  6319 | D:7      | Found a shattered altar of Ashenzari.
  6322 | D:7      | Found a sacrificial altar of Ru.
  6388 | D:7      | Reached skill level 5 in Armour
  6392 | D:7      | Found a sand-covered staircase.
  6406 | Ossuary  | Entered an ossuary
  7035 | Ossuary  | Gained mutation: Your spells are harder to cast, but more powerful. [potion of mutation]
  7035 | Ossuary  | Gained mutation: You are surrounded by a mild repulsion field (EV +2). [potion of mutation]
  7035 | Ossuary  | Lost mutation: You are frail (-10% HP). [potion of mutation]
  7525 | D:8      | Reached ***** piety under Okawaru
  7637 | D:8      | Found a staircase to the Lair.
  8278 | D:8      | Reached skill level 9 in Axes
  8357 | D:9      | Noticed a green ugly thing
  8379 | D:9      | Killed a green ugly thing
  8427 | D:9      | Received a gift from Okawaru
  8430 | D:9      | Got a shimmering broad axe {god gift}
  8431 | D:9      | Identified the +1 broad axe "Grum" {speed, Int+4} (Okawaru gifted it to you on level 9 of the Dungeon)
  8611 | D:9      | Reached skill level 5 in Shields
  8633 | D:9      | Reached XP level 10. HP: 63/69 MP: 11/11
  8744 | D:9      | Found Seadawyu's Armour Shoppe.
  8760 | D:9      | Bought a +0 helmet of intelligence for 149 gold pieces
  8760 | D:9      | Bought a +1 pair of gloves of archery for 214 gold pieces
  9165 | D:9      | Noticed Erolcha
  9182 | D:9      | Killed Erolcha
  9221 | D:9      | Got an encrusted scimitar
  9222 | D:9      | Identified the +7 scimitar "Teitizo" {slice, rElec rC+ Int+2} (You found it on level 9 of the Dungeon)
  9382 | D:10     | Entered Level 10 of the Dungeon
  9400 | D:10     | Noticed Grum
  9417 | D:10     | Killed Grum
  9718 | D:10     | Found a staircase to the Orcish Mines.
 10348 | D:10     | Reached skill level 10 in Axes
 10679 | D:11     | Gained mutation: You are clumsy. (Dex -2) [potion of mutation]
 10927 | D:11     | Received a gift from Okawaru
 10953 | D:11     | Reached XP level 11. HP: 64/77 MP: 12/12
 11161 | D:11     | Noticed an unseen horror
 11172 | D:11     | Killed an unseen horror
 11364 | D:11     | Noticed a red ugly thing
 11379 | D:11     | Killed a red ugly thing
 11379 | D:11     | Received a gift from Okawaru
 11386 | D:11     | Gained mutation: Potions and wands are less effective at restoring your health. [mutagenic meat]
 11387 | D:11     | Gained mutation: You are resistant to hostile enchantments. [mutagenic meat]
 11388 | D:11     | Gained mutation: You are somewhat resistant to further mutation. [mutagenic meat]
 11810 | D:12     | Gained mutation: Your magical capacity is low (-10% MP). [mutagenic meat]
 11812 | D:12     | Lost mutation: Your spells are harder to cast, but more powerful. [mutagenic meat]
 12139 | D:12     | Reached skill level 11 in Axes
 12205 | D:12     | Received a gift from Okawaru
 12294 | D:12     | Reached skill level 1 in Invocations
 12482 | D:12     | Noticed a skeletal warrior
 12484 | D:12     | Noticed a skeletal warrior
 12485 | D:12     | Noticed a skeletal warrior
 12499 | D:11     | Killed a skeletal warrior
 12804 | D:12     | Killed a skeletal warrior
 12814 | D:12     | Killed a skeletal warrior
 12814 | D:12     | Reached XP level 12. HP: 29/85 MP: 6/13
 13143 | D:12     | Gained mutation: You are somewhat resistant to both further mutation and mutation removal. [mutagenic meat]
 13496 | D:12     | Noticed a skeletal warrior
 13496 | D:12     | Noticed a skeletal warrior
 13496 | D:12     | Noticed a skeletal warrior
 13726 | Lair:1   | Entered Level 1 of the Lair of Beasts
 14263 | Lair:1   | Got a pair of encrusted gloves
 14286 | Lair:1   | Identified the cursed -3 pair of gloves of Fashionability {Regen+} (You found it on level 1 of the Lair of Beasts)
 14289 | Lair:1   | Noticed Urug
 14303 | Lair:1   | Killed Urug
 14303 | Lair:1   | Received a gift from Okawaru
 14310 | Lair:1   | Got a jewelled buckler {god gift}
 14321 | Lair:1   | Identified the +2 buckler of Pride {rN+++ Str-5 Dex+4 Stlth+} (Okawaru gifted it to you on level 1 of the Lair of Beasts)
 15181 | Lair:2   | Got a twisted whip
 15182 | Lair:2   | Identified the +9 whip of Feuhiyb {drain, rElec rPois rC+} (You found it on level 2 of the Lair of Beasts)
 15996 | Lair:3   | Noticed a catoblepas
 16012 | Lair:3   | Killed a catoblepas
 16180 | Lair:3   | Reached skill level 12 in Axes
 16627 | Lair:4   | Noticed a seven-headed hydra
 16641 | Lair:4   | Killed a seven-headed hydra
 16831 | Lair:4   | Found a hole to the Spider Nest.
 16840 | Lair:4   | Reached skill level 10 in Fighting
 16840 | Lair:4   | Reached skill level 5 in Invocations
 17020 | Lair:4   | Noticed an eight-headed hydra
 17039 | Lair:4   | Killed an eight-headed hydra
 17508 | Lair:4   | Received a gift from Okawaru
 17508 | Lair:4   | Reached XP level 13. HP: 72/92 MP: 16/16
 19242 | Lair:6   | Found a frozen archway.
 19311 | IceCv    | Entered an ice cave
 19420 | IceCv    | Noticed F1L1N's ghost (journeyman TrBe)
 19433 | IceCv    | Killed F1L1N's ghost
 19725 | IceCv    | Received a gift from Okawaru
 19740 | IceCv    | Reached skill level 13 in Axes
 19835 | IceCv    | Noticed a frost giant
 19859 | IceCv    | Killed a frost giant
 20668 | Lair:6   | Reached skill level 10 in Armour
 20927 | Lair:6   | Reached XP level 14. HP: 93/101 MP: 18/18
 20943 | Lair:6   | Found a viscous altar of Jiyva.
 20944 | Lair:6   | Found a staircase to the Slime Pits.
 21069 | Lair:6   | Found a staircase to the Shoals.
 21273 | Lair:6   | Identified a scroll of acquirement
 21276 | Lair:6   | Got a steaming shield
 21287 | Lair:6   | Identified the +2 shield of Orthodoxy {*Contam rN++ MP+9} (You acquired it on level 6 of the Lair of Beasts)
 21483 | Lair:7   | Found a labyrinth entrance.
 21494 | Lab      | Entered a labyrinth
 21728 | Lab      | Got a pitted plate armour
 21743 | Lab      | Identified the +8 plate armour of the Equator {rElec MP+9} (You took it off a minotaur in a labyrinth)
 21766 | Lab      | Identified the Guide on the Oath
 21784 | Lair:7   | Lost mutation: You can spit weak poison. [potion of cure mutation]
 21784 | Lair:7   | Lost mutation: Your magical capacity is low (-10% MP). [potion of cure mutation]
 22118 | Lair:7   | Received a gift from Okawaru
 22121 | Lair:7   | Got a pair of jewelled gloves {god gift}
 22132 | Lair:7   | Identified the +1 pair of gloves of Okawaru {+Inv} (Okawaru gifted it to you on level 7 of the Lair of Beasts)
 22678 | Lair:8   | Entered Level 8 of the Lair of Beasts
 22956 | Lair:8   | Found a dark tunnel.
 22964 | Volcano  | Entered a volcano
 23221 | Volcano  | Found a burning altar of Makhleb.
 23230 | Volcano  | Reached skill level 10 in Shields
 23248 | Volcano  | Reached skill level 14 in Axes
 24087 | Lair:8   | Received a gift from Okawaru
 24090 | Lair:8   | Got a pair of spiked boots {god gift}
 24101 | Lair:8   | Identified the +0 pair of boots of Temperance {Dex+5} (Okawaru gifted it to you on level 8 of the Lair of Beasts)
 25039 | Orc:1    | Entered Level 1 of the Orcish Mines
 25455 | Orc:1    | Reached XP level 15. HP: 105/108 MP: 21/21
 25689 | Orc:2    | Noticed Snorg
 25706 | Orc:2    | Killed Snorg
 26151 | Orc:2    | Noticed Rupert
 26182 | Orc:2    | Killed Rupert
 26377 | Orc:3    | Found a staircase to the Elven Halls.
 26551 | Orc:3    | Found a roughly hewn altar of Beogh.
 26798 | Orc:4    | Entered Level 4 of the Orcish Mines
 26948 | Orc:4    | Found a roughly hewn altar of Beogh.
 26988 | Orc:4    | Found a flickering gateway to a bazaar.
 26999 | Bazaar   | Entered a bazaar
 26999 | Bazaar   | Found Nitixom's Jewellery Boutique.
 27006 | Bazaar   | Found Atzifuf's General Store.
 27007 | Bazaar   | Found Kumam's Antique Armour Emporium.
 27022 | Bazaar   | Bought an encrusted scale mail for 189 gold pieces
 27033 | Bazaar   | Identified the cursed +0 scale mail of the Prince of Darkness {rElec Dex+2 SInv} (You bought it in a shop in a bazaar)
 27036 | Bazaar   | Found Fuatsol's Distillery.
 27055 | Bazaar   | Bought a potion of heal wounds for 60 gold pieces
 27055 | Bazaar   | Bought a potion of agility for 48 gold pieces
 27055 | Bazaar   | Bought a potion of mutation for 30 gold pieces
 27055 | Bazaar   | Bought a potion of heal wounds for 60 gold pieces
 27055 | Bazaar   | Bought 2 potions of haste for 240 gold pieces
 27064 | Bazaar   | Found Ixtomomm's Antique Weapon Shoppe.
 27083 | Bazaar   | Bought an uncursed amulet of resist mutation for 600 gold pieces
 27083 | Bazaar   | Bought an uncursed ring of protection from cold for 375 gold pieces
 27094 | Bazaar   | Bought an ornate deck of changes for 260 gold pieces
 27094 | Bazaar   | Bought a scroll of identify for 26 gold pieces
 27094 | Bazaar   | Bought a scroll of enchant armour for 97 gold pieces
 27106 | Bazaar   | Lost mutation: You are somewhat resistant to both further mutation and mutation removal. [helix card]
 27389 | Orc:4    | Received a gift from Okawaru
 27554 | Orc:4    | Found Raruts's General Store.
 27555 | Orc:4    | Found Uvup's Book Shop.
 27558 | Orc:4    | Found Yfaptumn's Antique Armour Shop.
 27558 | Orc:4    | Found Riotos's Antique Weapon Boutique.
 27594 | Orc:4    | Bought a potion of curing for 48 gold pieces
 27594 | Orc:4    | Bought a scroll of remove curse for 48 gold pieces
 28093 | Elf:1    | Entered Level 1 of the Elven Halls
 28111 | Elf:1    | Found a radiant altar of Vehumet.
 28248 | Elf:1    | Found a radiant altar of Vehumet.
 28277 | Elf:1    | Found Plog's Weapon Boutique.
 28308 | Elf:1    | Noticed a Brimstone Fiend
 28309 | Elf:1    | Noticed a Hell Sentinel
 28312 | Elf:1    | HP: 3/109 [Hell Sentinel[a deep elf demonologist] (15)]
 28314 | Elf:1    | Killed from afar by a Hell Sentinel

Action                   |  1- 3 |  4- 6 |  7- 9 | 10-12 | 13-15 || total
-------------------------+-------+-------+-------+-------+-------++-------
Melee: War axe           |   112 |   245 |   496 |       |       ||   853
       Broad axe         |       |       |    10 |   759 |  1267 ||  2036
       Whip              |       |       |       |    20 |    47 ||    67
Invok: Heroism           |       |     1 |     2 |     9 |    18 ||    30
       Finesse           |       |       |       |     1 |     3 ||     4
Evoke: Wand              |       |       |       |     2 |       ||     2
       Deck              |       |       |       |       |    10 ||    10
  Use: Potion            |       |     3 |     5 |    11 |    10 ||    29
       Scroll            |       |    10 |    11 |     9 |    15 ||    45
 Stab: Invisible         |       |       |       |       |     2 ||     2
  Eat: Chunk             |     1 |     8 |     6 |    30 |    29 ||    74
       Meat ration       |       |       |     2 |     1 |     2 ||     5
       Beef jerky        |       |       |     1 |     1 |     1 ||     3
       Bread ration      |       |       |       |     2 |       ||     2
       Pizza             |       |       |       |     1 |     2 ||     3
       Fruit             |       |       |       |     2 |     2 ||     4
